[ AOE2 MATCH · #473119788 ]
UnrankedGoths vs Ethiopians
[ REPLAY ANALYSIS · EXTRACTED FROM THE RECORDED GAME ]
Feudal
17:44
Castle
26:58
Imperial
34:11
| APM avg | 21.7 |
| APM peak | 71 |
| eAPM avg | 13.1 |
| Villagers / military | 81 / 290 |
Focus
⚔️ 49.7% · 🌾 50.3%
Hand Cannoneer ×135 · Huskarl ×109 · Knight ×23 · Trebuchet (Packed) ×12 · Fishing Ship ×10 · Monk ×6
Feudal
14:02
Castle
19:38
Imperial
45:42
| APM avg | 24.8 |
| APM peak | 107 |
| eAPM avg | 17.6 |
| Villagers / military | 94 / 345 |
Focus
⚔️ 58.3% · 🌾 41.7%
Spearman ×265 · Mangonel ×51 · Trade Cart ×32 · Militia ×13 · Monk ×7 · Archer ×5
Feudal
12:11
Castle
21:26
Imperial
34:41
| APM avg | 25.0 |
| APM peak | 85 |
| eAPM avg | 15.5 |
| Villagers / military | 117 / 298 |
Focus
⚔️ 33.3% · 🌾 66.7%
Battle Elephant ×173 · Skirmisher ×90 · Trade Cart ×38 · Mangonel ×15 · Trebuchet (Packed) ×9 · Spearman ×8
Feudal
12:08
Castle
21:47
Imperial
43:14
| APM avg | 24.6 |
| APM peak | 89 |
| eAPM avg | 18.1 |
| Villagers / military | 119 / 340 |
Focus
⚔️ 38.0% · 🌾 62.0%
Battle Elephant ×200 · Ballista Elephant ×103 · Trade Cart ×31 · Trebuchet (Packed) ×15 · Knight ×9 · Battering Ram ×6
Match map
Initial resources + every placement click. Lines = walls · curves = elevation contours. ◆ gold · ⬟ stone · ● berries · ✦ relic · ◌ wall gap
Your base· ✓ Closed at 26:58 · 19t walls · 1 gate(s)
Anestiss's base· ✓ Closed at 19:38 · 17t walls · 1 gate(s) · fragile
Reddington's base· ✓ Closed at 21:26 · 20t walls · fragile
demdapp's base· ✓ Closed at 21:47 · 30t walls · 3 gate(s)
Smoothed initial terrain · ◌ = detected wall gap · hover for details
Inputs per minute
— Jez - - Anestiss
Build order — Jez
First 150 of 529 actions detected
| 0:07 | Create | Villager (Male) |
| 0:07 | Create | Villager (Male) |
| 0:07 | Create | Villager (Male) |
| 0:07 | Create | Villager (Male) |
| 0:08 | Create | Villager (Male) |
| 0:43 | Build | Palisade Wall |
| 1:08 | Build | House |
| 1:11 | Build | House |
| 3:18 | Create | Villager (Male) |
| 3:19 | Create | Villager (Male) |
| 3:19 | Create | Villager (Male) |
| 3:19 | Create | Villager (Male) |
| 3:55 | Build | Palisade Gate |
| 4:25 | Create | Villager (Male) |
| 4:39 | Build | Mill |
| 4:44 | Create | Villager (Male) |
| 4:44 | Create | Villager (Male) |
| 4:44 | Create | Villager (Male) |
| 5:02 | Build | Palisade Wall |
| 5:24 | Create | Villager (Male) |
| 6:20 | Build | House |
| 7:47 | Create | Villager (Male) |
| 7:47 | Create | Villager (Male) |
| 7:47 | Create | Villager (Male) |
| 7:47 | Create | Villager (Male) |
| 7:48 | Create | Villager (Male) |
| 7:48 | Create | Villager (Male) |
| 7:48 | Create | Villager (Male) |
| 8:11 | Build | Lumber Camp |
| 9:17 | Create | Villager (Male) |
| 9:17 | Create | Villager (Male) |
| 9:17 | Create | Villager (Male) |
| 9:18 | Create | Villager (Male) |
| 9:18 | Create | Villager (Male) |
| 9:32 | Build | House |
| 10:11 | Build | House |
| 10:14 | Build | House |
| 10:45 | Build | Lumber Camp |
| 11:48 | Create | Villager (Male) |
| 11:48 | Create | Villager (Male) |
| 11:49 | Create | Villager (Male) |
| 11:49 | Create | Villager (Male) |
| 11:49 | Create | Villager (Male) |
| 11:49 | Create | Villager (Male) |
| 12:06 | Build | Dock |
| 13:25 | Create | Fishing Ship |
| 13:26 | Create | Fishing Ship |
| 13:26 | Create | Fishing Ship |
| 13:26 | Create | Fishing Ship |
| 13:26 | Create | Fishing Ship |
| 13:26 | Create | Fishing Ship |
| 14:40 | Build | House |
| 14:41 | Build | House |
| 14:42 | Build | House |
| 14:42 | Build | House |
| 15:34 | Research | Feudal Age |
| 16:15 | Build | Farm |
| 16:16 | Build | Farm |
| 16:17 | Build | Farm |
| 16:18 | Build | Farm |
| 16:19 | Build | Farm |
| 16:22 | Build | Farm |
| 16:23 | Build | Farm |
| 16:24 | Build | Farm |
| 16:58 | Build | Farm |
| 17:02 | Build | Farm |
| 17:44 | Age | Feudal Age |
| 17:47 | Research | Horse Collar |
| 17:50 | Research | Double-Bit Axe |
| 17:56 | Create | Villager (Male) |
| 17:58 | Research | Wheelbarrow |
| 18:16 | Create | Villager (Male) |
| 18:17 | Create | Villager (Male) |
| 18:17 | Create | Villager (Male) |
| 18:20 | Create | Fishing Ship |
| 18:20 | Create | Fishing Ship |
| 18:20 | Create | Fishing Ship |
| 18:21 | Create | Fishing Ship |
| 18:46 | Create | Villager (Male) |
| 18:46 | Create | Villager (Male) |
| 18:46 | Create | Villager (Male) |
| 18:46 | Create | Villager (Male) |
| 18:56 | Build | Fish Trap |
| 19:07 | Build | Fish Trap |
| 19:18 | Build | Fish Trap |
| 19:27 | Build | Fish Trap |
| 19:52 | Build | Barracks |
| 19:56 | Build | Fish Trap |
| 20:13 | Build | Market |
| 20:16 | Build | Blacksmith |
| 20:25 | Build | Fish Trap |
| 20:45 | Build | Fish Trap |
| 20:55 | Build | Mining Camp |
| 21:00 | Build | Mining Camp |
| 21:04 | Create | Villager (Male) |
| 21:04 | Create | Villager (Male) |
| 21:04 | Create | Villager (Male) |
| 21:05 | Create | Villager (Male) |
| 21:05 | Create | Villager (Male) |
| 21:05 | Create | Villager (Male) |
| 21:05 | Create | Villager (Male) |
| 21:05 | Create | Villager (Male) |
| 21:13 | Build | Fish Trap |
| 21:26 | Build | Fish Trap |
| 21:49 | Build | Stable |
| 21:55 | Create | Villager (Male) |
| 21:55 | Create | Villager (Male) |
| 21:55 | Create | Villager (Male) |
| 21:59 | Research | Gold Mining |
| 21:59 | Research | Stone Mining |
| 22:23 | Create | Trade Cart |
| 22:23 | Create | Trade Cart |
| 22:39 | Build | Fish Trap |
| 23:40 | Build | Archery Range |
| 23:47 | Build | Fish Trap |
| 24:09 | Research | Castle Age |
| 24:47 | Build | Palisade Wall |
| 25:24 | Research | Tech 906 |
| 26:58 | Age | Castle Age |
| 27:04 | Build | Siege Workshop |
| 27:13 | Build | Town Center |
| 27:25 | Research | Hand Cart |
| 27:27 | Research | Heavy Plow |
| 27:30 | Research | Stone Shaft Mining |
| 27:46 | Build | Monastery |
| 27:50 | Build | University |
| 27:51 | Create | Villager (Male) |
| 27:51 | Create | Villager (Male) |
| 27:52 | Create | Villager (Male) |
| 27:52 | Create | Villager (Male) |
| 27:52 | Create | Villager (Male) |
| 27:52 | Create | Villager (Male) |
| 27:53 | Create | Villager (Male) |
| 27:53 | Create | Villager (Male) |
| 28:18 | Build | Farm |
| 28:31 | Create | Villager (Male) |
| 28:31 | Create | Villager (Male) |
| 28:31 | Create | Villager (Male) |
| 28:31 | Create | Villager (Male) |
| 28:32 | Create | Villager (Male) |
| 28:32 | Create | Villager (Male) |
| 28:37 | Build | Mining Camp |
| 29:22 | Research | Husbandry |
| 29:26 | Create | Scorpion |
| 29:28 | Create | Mangonel |
| 29:41 | Build | House |
| 29:42 | Build | House |
| 29:43 | Build | House |
| 29:44 | Build | House |
| 29:51 | Build | Farm |
Build order — Anestiss
First 150 of 691 actions detected
| 0:03 | Create | Villager (Male) |
| 0:04 | Create | Villager (Male) |
| 0:04 | Create | Villager (Male) |
| 0:04 | Create | Villager (Male) |
| 0:04 | Create | Villager (Male) |
| 0:10 | Build | House |
| 0:11 | Build | House |
| 0:49 | Research | Loom |
| 1:50 | Create | Villager (Male) |
| 1:50 | Create | Villager (Male) |
| 2:38 | Build | Palisade Wall |
| 2:53 | Create | Villager (Male) |
| 2:53 | Create | Villager (Male) |
| 2:53 | Create | Villager (Male) |
| 3:54 | Create | Villager (Male) |
| 3:55 | Create | Villager (Male) |
| 3:55 | Create | Villager (Male) |
| 4:55 | Build | House |
| 5:10 | Build | Palisade Wall |
| 5:21 | Create | Villager (Male) |
| 5:21 | Create | Villager (Male) |
| 5:21 | Create | Villager (Male) |
| 5:22 | Create | Villager (Male) |
| 5:22 | Create | Villager (Male) |
| 6:07 | Create | Villager (Male) |
| 6:07 | Create | Villager (Male) |
| 6:11 | Create | Villager (Male) |
| 6:42 | Build | Lumber Camp |
| 7:15 | Build | Palisade Gate |
| 7:30 | Build | House |
| 8:35 | Build | Mill |
| 9:14 | Build | House |
| 9:24 | Create | Villager (Male) |
| 9:24 | Create | Villager (Male) |
| 9:59 | Build | Mill |
| 10:21 | Build | Outpost |
| 10:33 | Create | Villager (Male) |
| 10:33 | Create | Villager (Male) |
| 11:52 | Research | Feudal Age |
| 12:43 | Create | Villager (Male) |
| 12:43 | Create | Villager (Male) |
| 12:58 | Build | Mining Camp |
| 14:02 | Age | Feudal Age |
| 14:13 | Build | Market |
| 14:34 | Build | Blacksmith |
| 14:53 | Create | Villager (Male) |
| 14:53 | Create | Villager (Male) |
| 15:03 | Build | House |
| 15:04 | Build | House |
| 15:06 | Build | House |
| 15:19 | Build | Mill |
| 16:58 | Research | Castle Age |
| 17:35 | Create | Villager (Male) |
| 17:35 | Create | Villager (Male) |
| 17:57 | Build | Mining Camp |
| 18:43 | Build | House |
| 18:45 | Build | House |
| 18:47 | Build | House |
| 18:48 | Build | House |
| 19:12 | Build | Barracks |
| 19:38 | Age | Castle Age |
| 20:04 | Build | Town Center |
| 20:18 | Build | Town Center |
| 20:52 | Build | Lumber Camp |
| 21:12 | Create | Villager (Male) |
| 21:12 | Create | Villager (Male) |
| 21:14 | Create | Villager (Male) |
| 21:26 | Build | Stone Wall |
| 21:27 | Build | Stone Wall |
| 21:28 | Build | Stone Wall |
| 21:31 | Build | Stone Wall |
| 21:32 | Build | Stone Wall |
| 21:36 | Build | Gate |
| 21:40 | Create | Villager (Male) |
| 21:46 | Research | Double-Bit Axe |
| 22:07 | Research | Horse Collar |
| 22:18 | Create | Villager (Male) |
| 22:18 | Create | Villager (Male) |
| 22:18 | Create | Villager (Male) |
| 22:40 | Research | Bow Saw |
| 22:59 | Create | Trade Cart |
| 22:59 | Create | Trade Cart |
| 23:27 | Create | Spearman |
| 23:27 | Create | Spearman |
| 24:03 | Build | Mining Camp |
| 24:07 | Create | Villager (Male) |
| 24:07 | Create | Villager (Male) |
| 24:09 | Create | Villager (Male) |
| 24:10 | Create | Villager (Male) |
| 24:46 | Build | Barracks |
| 25:06 | Build | Farm |
| 25:09 | Build | Farm |
| 25:19 | Build | Farm |
| 25:20 | Build | Farm |
| 25:20 | Build | Farm |
| 25:46 | Build | Farm |
| 25:46 | Build | Farm |
| 25:46 | Build | Farm |
| 25:55 | Create | Spearman |
| 25:55 | Create | Spearman |
| 25:56 | Create | Spearman |
| 25:56 | Create | Spearman |
| 25:56 | Create | Spearman |
| 25:56 | Create | Spearman |
| 25:57 | Create | Spearman |
| 25:57 | Create | Spearman |
| 26:42 | Build | Monastery |
| 27:21 | Build | Castle |
| 27:26 | Create | Militia |
| 27:27 | Create | Militia |
| 27:27 | Create | Militia |
| 27:27 | Create | Militia |
| 27:27 | Create | Militia |
| 27:27 | Create | Militia |
| 27:43 | Create | Villager (Male) |
| 27:44 | Create | Villager (Male) |
| 28:11 | Create | Monk |
| 28:11 | Create | Monk |
| 28:27 | Create | Villager (Male) |
| 28:27 | Create | Villager (Male) |
| 28:38 | Build | Stone Wall |
| 28:51 | Create | Spearman |
| 28:51 | Create | Spearman |
| 28:51 | Create | Spearman |
| 28:52 | Create | Spearman |
| 29:03 | Research | Forging |
| 29:04 | Research | Scale Mail Armor |
| 29:37 | Create | Villager (Male) |
| 29:38 | Create | Villager (Male) |
| 29:38 | Create | Villager (Male) |
| 29:38 | Create | Villager (Male) |
| 29:50 | Build | Farm |
| 29:51 | Build | Farm |
| 29:51 | Build | Farm |
| 29:52 | Build | Farm |
| 30:00 | Build | Farm |
| 30:01 | Build | Farm |
| 30:05 | Build | Farm |
| 30:06 | Build | Farm |
| 30:12 | Build | Farm |
| 30:34 | Build | Gate |
| 32:47 | Create | Spearman |
| 32:47 | Create | Spearman |
| 32:47 | Create | Spearman |
| 32:47 | Create | Spearman |
| 32:48 | Create | Spearman |
| 32:48 | Create | Spearman |
| 32:48 | Create | Spearman |
| 32:49 | Create | Spearman |
| 32:49 | Create | Spearman |
Build order — Reddington
First 150 of 337 actions detected
| 0:05 | Create | Villager (Male) ×4 |
| 0:10 | Build | House |
| 0:11 | Build | House |
| 0:12 | Build | House |
| 0:17 | Build | House |
| 0:21 | Build | Mill |
| 1:58 | Create | Villager (Male) |
| 1:58 | Create | Villager (Male) |
| 3:08 | Create | Villager (Male) ×3 |
| 4:04 | Create | Villager (Male) |
| 4:04 | Create | Villager (Male) |
| 4:19 | Create | Villager (Male) ×2 |
| 4:57 | Create | Villager (Male) |
| 4:57 | Create | Villager (Male) |
| 5:44 | Create | Villager (Male) ×2 |
| 5:56 | Create | Villager (Male) |
| 6:40 | Build | Lumber Camp |
| 6:51 | Create | Villager (Male) ×3 |
| 8:41 | Build | Barracks |
| 8:52 | Create | Villager (Male) |
| 8:53 | Create | Villager (Male) |
| 8:59 | Build | House |
| 9:09 | Build | House |
| 10:01 | Research | Feudal Age |
| 10:28 | Build | Mining Camp |
| 10:52 | Create | Villager (Male) |
| 10:52 | Create | Villager (Male) |
| 10:52 | Create | Villager (Male) |
| 11:44 | Build | House |
| 11:49 | Build | House |
| 11:52 | Build | House |
| 12:11 | Age | Feudal Age |
| 12:16 | Research | Double-Bit Axe |
| 12:45 | Build | Market |
| 13:19 | Build | Blacksmith |
| 13:25 | Create | Villager (Male) |
| 13:25 | Create | Villager (Male) |
| 13:25 | Create | Villager (Male) |
| 13:25 | Create | Villager (Male) |
| 13:57 | Build | Farm |
| 14:01 | Build | Farm |
| 14:05 | Build | Farm |
| 14:12 | Build | Farm |
| 14:26 | Build | Farm |
| 14:40 | Build | Farm |
| 14:53 | Research | Horse Collar |
| 14:56 | Create | Villager (Male) |
| 14:56 | Create | Villager (Male) |
| 14:56 | Create | Villager (Male) |
| 14:59 | Research | Wheelbarrow |
| 15:06 | Build | Farm |
| 15:20 | Build | Farm |
| 15:22 | Build | Farm |
| 15:24 | Build | Farm |
| 15:43 | Build | Farm |
| 16:00 | Build | Farm |
| 16:24 | Build | Farm |
| 16:42 | Create | Villager (Male) |
| 16:42 | Create | Villager (Male) |
| 16:42 | Create | Villager (Male) |
| 16:47 | Build | Farm |
| 16:54 | Build | Farm |
| 16:58 | Build | Farm |
| 17:03 | Build | Farm |
| 17:42 | Build | Palisade Wall |
| 17:47 | Build | Palisade Wall |
| 17:57 | Build | Mining Camp |
| 18:21 | Create | Villager (Male) |
| 18:42 | Research | Castle Age |
| 18:48 | Create | Trade Cart ×3 |
| 19:20 | Research | Gold Mining |
| 19:21 | Research | Stone Mining |
| 20:17 | Create | Villager (Male) |
| 20:18 | Create | Villager (Male) |
| 20:18 | Create | Villager (Male) |
| 20:18 | Create | Villager (Male) |
| 20:18 | Create | Villager (Male) |
| 20:19 | Create | Villager (Male) |
| 21:06 | Build | House |
| 21:06 | Build | House |
| 21:08 | Build | House |
| 21:11 | Build | House |
| 21:12 | Build | House |
| 21:13 | Build | House |
| 21:26 | Age | Castle Age |
| 21:30 | Build | Town Center |
| 21:50 | Build | Town Center |
| 22:01 | Research | Bow Saw |
| 22:04 | Research | Hand Cart |
| 23:02 | Research | Caravan |
| 23:17 | Research | Heavy Plow |
| 23:35 | Create | Villager (Male) |
| 23:35 | Create | Villager (Male) |
| 23:36 | Create | Villager (Male) |
| 23:36 | Create | Villager (Male) |
| 23:41 | Create | Villager (Male) |
| 23:41 | Create | Villager (Male) |
| 23:42 | Create | Villager (Male) |
| 24:02 | Build | Monastery |
| 24:32 | Build | Archery Range |
| 24:41 | Create | Villager (Male) ×5 |
| 24:42 | Create | Villager (Male) ×5 |
| 24:42 | Create | Villager (Male) ×5 |
| 24:43 | Create | Villager (Male) ×2 |
| 25:25 | Build | University |
| 25:32 | Create | Monk |
| 25:57 | Build | Farm |
| 26:21 | Create | Monk |
| 26:50 | Build | Barracks |
| 26:51 | Build | Barracks |
| 26:53 | Research | Pikeman (upgrade) |
| 27:05 | Create | Villager (Male) ×5 |
| 27:05 | Create | Villager (Male) ×5 |
| 27:05 | Create | Villager (Male) ×2 |
| 27:53 | Build | Farm |
| 27:53 | Build | Farm |
| 27:53 | Build | Farm |
| 27:54 | Build | Farm |
| 27:55 | Build | Farm |
| 28:08 | Research | Squires |
| 28:15 | Build | Archery Range |
| 28:16 | Build | Archery Range |
| 29:06 | Build | Stone Wall |
| 29:12 | Build | Stone Wall |
| 29:15 | Build | Stone Wall |
| 29:17 | Build | Stone Wall |
| 29:31 | Create | Monk |
| 29:43 | Research | Elite Skirmisher (upgrade) |
| 29:46 | Research | Padded Archer Armor |
| 29:46 | Research | Fletching |
| 29:57 | Build | Siege Workshop |
| 30:50 | Build | Mill |
| 30:52 | Build | Farm |
| 30:52 | Build | Farm |
| 30:53 | Build | Farm |
| 30:53 | Build | Farm |
| 30:53 | Build | Farm |
| 31:31 | Research | Imperial Age |
| 31:31 | Create | Villager (Male) ×4 |
| 31:31 | Create | Villager (Male) ×4 |
| 31:57 | Build | Lumber Camp |
| 32:05 | Build | Mining Camp |
| 32:53 | Research | Herbal Medicine |
| 33:15 | Build | Stable |
| 33:16 | Build | Stable |
| 33:19 | Build | Stable |
| 33:26 | Build | Castle |
| 33:29 | Create | Trade Cart ×5 |
| 33:39 | Build | Mill |
| 33:41 | Build | Farm |
Build order — demdapp
First 150 of 673 actions detected
| 0:05 | Build | House |
| 0:16 | Create | Villager (Male) |
| 0:16 | Create | Villager (Male) |
| 0:16 | Create | Villager (Male) |
| 0:16 | Create | Villager (Male) |
| 0:16 | Create | Villager (Male) |
| 0:17 | Create | Villager (Male) |
| 1:25 | Create | Villager (Male) |
| 1:36 | Build | Palisade Wall |
| 2:10 | Create | Villager (Male) |
| 2:10 | Create | Villager (Male) |
| 2:21 | Build | Palisade Wall |
| 2:27 | Build | Palisade Gate |
| 2:47 | Create | Villager (Male) |
| 2:48 | Create | Villager (Male) |
| 2:53 | Build | House |
| 3:16 | Create | Villager (Male) |
| 3:49 | Build | Palisade Wall |
| 3:51 | Build | Palisade Gate |
| 4:01 | Create | Villager (Male) |
| 4:01 | Create | Villager (Male) |
| 4:01 | Create | Villager (Male) |
| 4:38 | Build | Mill |
| 5:14 | Build | Palisade Wall |
| 5:24 | Build | Palisade Wall |
| 5:31 | Build | House |
| 5:39 | Create | Villager (Male) |
| 6:16 | Create | Villager (Male) |
| 6:16 | Create | Villager (Male) |
| 6:16 | Create | Villager (Male) |
| 7:04 | Create | Villager (Male) |
| 7:04 | Create | Villager (Male) |
| 7:50 | Create | Villager (Male) |
| 8:01 | Build | House |
| 8:04 | Build | House |
| 8:31 | Create | Villager (Male) |
| 9:19 | Build | Lumber Camp |
| 9:58 | Research | Feudal Age |
| 9:58 | Research | Feudal Age |
| 10:33 | Build | House |
| 10:41 | Create | Villager (Male) |
| 10:42 | Create | Villager (Male) |
| 10:42 | Create | Villager (Male) |
| 11:04 | Create | Villager (Male) |
| 11:04 | Create | Villager (Male) |
| 11:16 | Build | House |
| 11:18 | Build | House |
| 12:08 | Age | Feudal Age |
| 12:10 | Create | Villager (Male) |
| 12:10 | Create | Villager (Male) |
| 12:11 | Create | Villager (Male) |
| 12:12 | Create | Villager (Male) |
| 12:25 | Build | Palisade Gate |
| 12:31 | Create | Villager (Male) |
| 12:31 | Create | Villager (Male) |
| 12:32 | Create | Villager (Male) |
| 12:32 | Create | Villager (Male) |
| 12:39 | Build | Stable |
| 13:01 | Build | Farm |
| 13:39 | Build | Mining Camp |
| 14:01 | Build | Farm |
| 14:04 | Create | Villager (Male) |
| 14:05 | Create | Villager (Male) |
| 14:21 | Create | Scout Cavalry |
| 15:13 | Build | Market |
| 15:23 | Build | Farm |
| 15:35 | Build | Farm |
| 15:54 | Build | Farm |
| 16:09 | Build | Farm |
| 16:17 | Build | Farm |
| 16:35 | Build | Farm |
| 16:59 | Create | Villager (Male) |
| 16:59 | Create | Villager (Male) |
| 17:11 | Build | Farm |
| 17:20 | Build | Farm |
| 17:44 | Build | Farm |
| 17:58 | Build | Blacksmith |
| 18:02 | Build | Farm |
| 18:06 | Create | Villager (Male) |
| 18:30 | Create | Villager (Male) |
| 18:33 | Build | Farm |
| 18:47 | Build | Mining Camp |
| 19:01 | Build | Farm |
| 19:07 | Research | Castle Age |
| 19:08 | Research | Castle Age |
| 19:08 | Research | Castle Age |
| 19:46 | Build | Stable |
| 20:08 | Create | Scout Cavalry |
| 20:11 | Create | Scout Cavalry |
| 20:51 | Build | House |
| 20:52 | Build | House |
| 20:53 | Build | House |
| 20:55 | Build | House |
| 20:56 | Build | House |
| 20:57 | Build | House |
| 20:59 | Build | House |
| 21:22 | Create | Villager (Male) |
| 21:22 | Create | Villager (Male) |
| 21:22 | Create | Villager (Male) |
| 21:23 | Create | Villager (Male) |
| 21:23 | Create | Villager (Male) |
| 21:23 | Create | Villager (Male) |
| 21:23 | Create | Villager (Male) |
| 21:23 | Create | Villager (Male) |
| 21:25 | Create | Villager (Male) |
| 21:26 | Create | Villager (Male) |
| 21:47 | Age | Castle Age |
| 21:57 | Build | Town Center |
| 22:03 | Create | Battle Elephant |
| 22:03 | Create | Battle Elephant |
| 22:04 | Create | Battle Elephant |
| 22:04 | Create | Battle Elephant |
| 22:18 | Build | Farm |
| 22:23 | Create | Villager (Male) |
| 22:23 | Create | Villager (Male) |
| 22:34 | Build | Lumber Camp |
| 22:47 | Research | Horse Collar |
| 23:15 | Build | Farm |
| 23:29 | Create | Villager (Male) |
| 23:29 | Create | Villager (Male) |
| 23:42 | Create | Battle Elephant |
| 23:42 | Create | Battle Elephant |
| 23:57 | Create | Battle Elephant |
| 23:57 | Create | Battle Elephant |
| 23:58 | Create | Battle Elephant |
| 24:22 | Build | Farm |
| 24:32 | Build | House |
| 24:33 | Build | House |
| 24:36 | Build | House |
| 24:37 | Build | House |
| 24:38 | Build | House |
| 24:53 | Create | Battle Elephant |
| 24:53 | Create | Battle Elephant |
| 24:57 | Build | Farm |
| 24:58 | Create | Villager (Male) |
| 24:58 | Create | Villager (Male) |
| 24:58 | Create | Villager (Male) |
| 24:59 | Create | Villager (Male) |
| 25:35 | Build | Farm |
| 25:37 | Create | Villager (Male) |
| 25:38 | Create | Villager (Male) |
| 25:38 | Create | Villager (Male) |
| 25:51 | Research | Bloodlines |
| 25:54 | Build | Farm |
| 26:02 | Create | Villager (Male) |
| 26:02 | Create | Villager (Male) |
| 26:02 | Create | Villager (Male) |
| 26:02 | Create | Villager (Male) |
| 26:02 | Create | Villager (Male) |
| 26:11 | Create | Villager (Male) |
Match timeline
| 0:43 | Jez · wall_segment Palisade Wall x12 |
| 1:36 | demdapp · wall_segment Palisade Wall x3 |
| 2:21 | demdapp · wall_segment Palisade Wall x9 |
| 2:38 | Anestiss · wall_segment Palisade Wall x8 |
| 3:49 | demdapp · wall_segment Palisade Wall x8 |
| 5:02 | Jez · wall_segment Palisade Wall x1 |
| 5:10 | Anestiss · wall_segment Palisade Wall x9 |
| 5:14 | demdapp · wall_segment Palisade Wall x3 |
| 5:24 | demdapp · wall_segment Palisade Wall x7 |
| 8:41 | Reddington · first_building Barracks |
| 12:06 | Jez · first_building Dock |
| 12:08 | demdapp · age_up feudal |
| 12:11 | Reddington · age_up feudal |
| 12:39 | demdapp · first_building Stable |
| 14:02 | Anestiss · age_up feudal |
| 17:42 | Reddington · wall_segment Palisade Wall x10 |
| 17:44 | Jez · age_up feudal |
| 17:47 | Reddington · wall_segment Palisade Wall x10 |
| 19:12 | Anestiss · first_building Barracks |
| 19:38 | Anestiss · age_up castle |
| 19:52 | Jez · first_building Barracks |
| 21:26 | Anestiss · wall_segment Stone Wall x1 |
| 21:26 | Reddington · age_up castle |
| 21:27 | Anestiss · wall_segment Stone Wall x1 |
| 21:28 | Anestiss · wall_segment Stone Wall x1 |
| 21:31 | Anestiss · wall_segment Stone Wall x1 |
| 21:32 | Anestiss · wall_segment Stone Wall x1 |
| 21:47 | demdapp · age_up castle |
| 21:49 | Jez · first_building Stable |
| 23:40 | Jez · first_building Archery Range |
| 24:02 | Reddington · first_building Monastery |
| 24:32 | Reddington · first_building Archery Range |
| 24:47 | Jez · wall_segment Palisade Wall x7 |
| 25:51 | Reddington · tribute_sent a jugador 1 |
| 25:51 | Reddington · tribute_sent a jugador 2 |
| 25:51 | Reddington · tribute_sent a jugador 4 |
| 26:42 | Anestiss · first_building Monastery |
| 26:58 | Jez · age_up castle |
| 27:04 | Jez · first_building Siege Workshop |
| 27:21 | Anestiss · first_building Castle |
| 27:46 | Jez · first_building Monastery |
| 28:38 | Anestiss · wall_segment Stone Wall x15 |
| 28:44 | Reddington · tribute_sent a jugador 1 |
| 28:44 | Reddington · tribute_sent a jugador 2 |
| 28:44 | Reddington · tribute_sent a jugador 4 |
| 29:05 | demdapp · first_market_buy 100 stone |
| 29:06 | Reddington · wall_segment Stone Wall x12 |
| 29:08 | demdapp · first_market_sell 100 wood |
| 29:12 | Reddington · wall_segment Stone Wall x3 |
| 29:15 | Reddington · wall_segment Stone Wall x10 |
| 29:17 | Reddington · wall_segment Stone Wall x2 |
| 29:19 | demdapp · first_building Castle |
| 29:57 | Reddington · first_building Siege Workshop |
| 32:02 | demdapp · first_building Siege Workshop |
| 32:49 | Jez · first_building Castle |
| 33:13 | demdapp · first_building Monastery |
| 33:15 | Reddington · first_building Stable |
| 33:26 | Reddington · first_building Castle |
| 34:11 | Jez · age_up imperial |
| 34:41 | Reddington · age_up imperial |
| 34:42 | Anestiss · wall_segment Stone Wall x12 |
| 34:53 | Anestiss · wall_segment Stone Wall x4 |
| 35:42 | Anestiss · first_building Siege Workshop |
| 36:17 | Anestiss · wall_segment Stone Wall x1 |
| 37:34 | Anestiss · wall_segment Stone Wall x1 |
| 38:10 | Anestiss · wall_segment Stone Wall x4 |
| 38:12 | Anestiss · wall_segment Stone Wall x3 |
| 41:11 | Anestiss · wall_segment Stone Wall x3 |
| 41:13 | Anestiss · wall_segment Stone Wall x3 |
| 43:14 | demdapp · age_up imperial |
| 45:42 | Anestiss · age_up imperial |
| 45:50 | Reddington · wall_segment Stone Wall x7 |
| 45:52 | Reddington · wall_segment Stone Wall x6 |
| 54:24 | Reddington · tribute_sent a jugador 1 |
| 54:24 | Reddington · tribute_sent a jugador 2 |
| 54:24 | Reddington · tribute_sent a jugador 4 |
| 55:43 | Anestiss · wall_segment Stone Wall x2 |
| 55:53 | Anestiss · wall_segment Stone Wall x3 |
| 58:23 | Anestiss · wall_segment Stone Wall x5 |
| 59:42 | Anestiss · wall_segment Stone Wall x8 |
| 59:45 | Anestiss · wall_segment Stone Wall x4 |
| 60:20 | Anestiss · first_building Archery Range |
| 63:26 | Anestiss · wall_segment Stone Wall x7 |
| 66:10 | Jez · wall_segment Palisade Wall x7 |
| 66:47 | Jez · first_market_buy 100 food |
| 66:49 | Jez · first_market_sell 100 wood |
| 67:40 | Jez · wall_segment Palisade Wall x6 |
| 76:55 | Jez · tribute_sent a jugador 1 |
| 76:55 | Jez · tribute_sent a jugador 3 |
| 76:55 | Jez · tribute_sent a jugador 4 |
| 77:06 | demdapp · wall_segment Stone Wall x10 |
| 77:22 | demdapp · resign |
[ AI ANALYSIS · 1 CREDIT ]
What really happened in this match?
Wolo.gg analyzes every decision: build order, eco, micro, common mistakes by bracket. Personalized analysis on WhatsApp or Discord in 30 seconds.
Civ guide
Goths
Perfil
Jugador #2697621